Rocket vs Americans
Created - March 19, 2024 at 19:58
Goals
|
| Rocket |
2 |
1 |
3 |
6 |
| Americans |
2 |
5 |
3 |
10 |
|
Shots
|
| Rocket |
11 |
8 |
13 |
32 |
| Americans |
13 |
13 |
14 |
40 |
|
1st period
1. Americans , Ryan Fitzgerald 28 (Tarmo Reunanen 8, Vladimir Tkachev 17) at 6:54
2. Americans , Justin Bailey 10 (Jakub Vrana 24) at 10:37
3. Rocket , Chris Bigras 10 (Scott Wilson 31, Brandon Pirri 40) at 14:08 (PP)
4. Rocket , Karson Kuhlman 11 (Chris Bigras 35, Raphael Bussieres 10) at 18:35
Penalties :
Xavier Bouchard (Roc) for Holding (Minor) at 13:55
2nd period
5. Americans , Joel Eriksson Ek 38 (Teemu Pulkkinen 26) at 2:09
6. Americans , Vladimir Tkachev 7 (Dillon Heatherington 26, Ryan Fitzgerald 27) at 3:29
7. Americans , Tanner Richard 13 (Dillon Heatherington 27) at 9:59
8. Americans , Justin Bailey 11 (Tanner Richard 22, Jonas Brodin 25) at 16:30 (PP)
9. Rocket , Troy Terry 18 (Raphael Bussieres 11, Karson Kuhlman 18) at 17:14
10. Americans , John Leonard 8 (Nathan Noel 7) at 18:50
Penalties :
Dean Kukan (Lav) for Hooking (Minor) at 16:18, Raphael Bussieres (Lav) for Hooking (Minor) at 19:43
3rd period
11. Americans , Joel Eriksson Ek 39 (Jonas Brodin 26) at 0:36 (PP)
12. Rocket , Dominic Turgeon 14 (Ty Rattie 7, Sergey Tolchinsky 40) at 6:03
13. Americans , Dillon Heatherington 6 (Tanner Richard 23, Jonas Brodin 27) at 9:41
14. Americans , Teemu Pulkkinen 32 (Justin Bailey 14, Tanner Richard 24) at 12:12
15. Rocket , JC Lipon 9 (Dylan DeMelo 12) at 13:19
16. Rocket , Karson Kuhlman 12 (Dylan DeMelo 13, Troy Terry 20) at 13:52
Penalties :
Scott Wilson (Lav) for Slashing (Minor) at 1:23, Viktor Loov (Lav) for Hooking (Minor) at 6:52, Brandon Pirri (Lav) for Hooking (Minor) at 18:54
Goalie Stats
Jamie Phillips (Lav), 25 saves from 31 shots - (0.806), 42:53 minutes
Connor Ingram (Lav), 5 saves from 9 shots - (0.556), L, 0-2-0, 17:07 minutes
Peyton Jones (Roc), 26 saves from 32 shots - (0.813), W, 1-8-1, 60:00 minutes
Players Stats for Rocket
Player Name G A P +/- PIM S H SB GA TA FO MP PP MP PK MP
------------------------------------------------------------------------------------
Andrei Mironov 0 0 0 -3 0 3 1 0 1 2 0/0 19:36 0:00 2:32
Branden Troock 0 0 0 0 0 0 0 0 0 0 0/0 0:00 0:00 0:00
Brandon Pirri 0 1 1 -5 2 2 0 0 4 1 4/5 22:29 0:13 3:02
Chris Bigras 1 1 2 -1 0 2 0 0 0 5 0/0 28:52 0:13 3:36
Damien Giroux 0 0 0 0 0 0 0 0 0 0 0/0 1:18 0:00 1:18
Dean Kukan 0 0 0 -1 2 2 0 2 1 0 0/0 28:39 0:13 3:24
Dominic Turgeon 1 0 1 -1 0 1 0 1 1 0 6/12 15:58 0:00 0:43
Dylan DeMelo 0 2 2 1 0 0 0 0 0 0 0/0 11:32 0:00 0:00
Francis Perron 0 0 0 0 0 0 0 0 0 0 0/0 1:28 0:00 1:28
Jack Glover 0 0 0 1 0 1 0 0 2 0 0/0 12:25 0:00 0:53
Jakob Lilja 0 0 0 1 0 1 0 0 0 0 0/0 8:52 0:00 0:33
JC Lipon 1 0 1 1 0 1 0 0 1 0 1/1 8:17 0:00 0:00
Karson Kuhlman 2 1 3 2 0 7 2 0 0 0 5/8 10:52 0:00 0:00
Luke Kunin 0 0 0 1 0 3 1 0 1 0 1/1 8:17 0:00 0:00
MacKenzie Entwistle 0 0 0 0 0 0 0 0 0 0 0/0 0:00 0:00 0:00
Peter Holland 0 0 0 -5 0 0 2 3 0 0 14/38 20:09 0:13 0:43
Raphael Bussieres 0 2 2 2 2 0 3 0 0 2 0/0 10:51 0:00 0:00
Reese Johnson 0 0 0 0 0 0 0 0 0 0 0/0 0:00 0:00 0:00
Scott Wilson 0 1 1 -5 2 3 1 0 0 1 1/2 22:14 0:13 2:47
Sergey Tolchinsky 0 1 1 -1 0 2 1 1 2 0 1/2 15:15 0:00 0:00
Taylor Leier 0 0 0 0 0 0 0 0 0 0 0/1 1:42 0:00 1:42
Troy Terry 1 1 2 2 0 2 2 0 2 0 0/0 10:52 0:00 0:00
Ty Rattie 0 1 1 -1 0 1 1 1 0 0 0/2 15:15 0:00 0:00
Viktor Loov 0 0 0 -3 2 1 2 0 0 0 0/0 18:54 0:00 1:51
Zack MacEwen 0 0 0 0 0 0 0 0 0 0 0/0 0:00 0:00 0:00
Players Stats for Americans
Player Name G A P +/- PIM S H SB GA TA FO MP PP MP PK MP
------------------------------------------------------------------------------------
Alex Schoenborn 0 0 0 1 0 1 1 0 0 0 0/0 7:11 0:00 0:00
Cameron Hughes 0 0 0 0 0 0 0 0 0 0 0/0 0:00 0:00 0:00
Daniel Sprong 0 0 0 2 0 0 3 0 0 1 0/1 11:16 0:00 0:00
Dillon Heatherington 1 2 3 2 0 4 1 0 2 0 0/0 25:03 4:07 0:13
Dmitri Semykin 0 0 0 0 0 0 0 1 0 0 0/0 4:25 0:00 0:00
Jakub Vrana 0 1 1 0 0 1 2 2 0 1 2/3 23:40 3:34 0:00
Joel Eriksson Ek 2 0 2 0 0 3 0 0 3 2 11/17 17:36 2:33 0:00
Joel Teasdale 0 0 0 0 0 0 0 0 0 0 0/0 0:00 0:00 0:00
John Leonard 1 0 1 1 0 2 0 0 0 0 0/0 7:11 0:00 0:00
Jonas Brodin 0 3 3 2 0 4 2 2 1 3 0/0 28:50 4:07 0:13
Justin Bailey 2 1 3 0 0 3 0 1 1 0 3/5 23:53 3:34 0:13
Lauri Pajuniemi 0 0 0 0 0 0 0 0 0 0 0/0 0:00 0:00 0:00
Matt Grzelcyk 0 0 0 0 0 0 2 2 0 2 0/0 19:05 2:01 0:00
Maxim Mamin 0 0 0 0 0 0 1 0 0 0 0/0 0:17 0:14 0:00
Nathan Noel 0 1 1 1 0 0 0 0 0 1 3/5 7:11 0:00 0:00
Richard Nejezchleb 0 0 0 0 0 2 1 0 0 0 0/1 17:36 2:33 0:00
Ryan Fitzgerald 1 1 2 2 0 4 1 1 0 1 1/3 11:16 0:00 0:00
Spencer Stastney 0 0 0 1 0 0 0 1 0 0 0/0 12:05 0:00 0:00
Tanner Richard 1 3 4 0 0 3 4 0 1 1 18/36 23:31 3:22 0:00
Tarmo Reunanen 0 1 1 0 0 0 2 0 0 1 0/0 19:05 2:01 0:00
Teemu Pulkkinen 1 1 2 0 0 7 2 1 1 0 1/1 17:48 2:33 0:13
Vladimir Tkachev 1 1 2 2 0 6 0 0 2 0 0/0 11:16 0:00 0:00
Xavier Bouchard 0 0 0 1 2 0 0 2 0 2 0/0 11:26 0:00 0:00
Zachary Senyshyn 0 0 0 0 0 0 0 0 0 0 0/0 0:04 0:01 0:00
3 Stars
1 - Tanner Richard (Roc)
2 - Dillon Heatherington (Roc)
3 - Justin Bailey (Roc)
Power Play
Rocket - 1 on 2 Attempt(s) - 50.00%
Americans - 2 on 5 Attempt(s) - 40.00%
Penalty Kill
Rocket - 3 on 5 Attempt(s) - 60.00%
- Score 0 goal in Penalty Kill
Americans - 1 on 2 Attempt(s) - 50.00%
- Score 0 goal in Penalty Kill
Team Stat
Rocket - Hits : 16 - Faceoff Wins : 33 - Blocked Shots : 8 - Penalty Minutes : 10
Americans - Hits : 22 - Faceoff Wins : 39 - Blocked Shots : 13 - Penalty Minutes : 2
Official
Referees : Dan O'Rourke and Chris Rooney
Linesman : Trent Knorr and Travis Toomey
Game Notes
Connor Ingram enters game at 3:29 of 2nd period
8:08 of 2nd period - Penalty Shot by Dillon Heatherington for Americans - Stopped by Connor Ingram
Jamie Phillips enters game at 0:36 of 3rd period
Finance
Level 1 -- Attendance: 1801 (90.05%) -- Ticket Income $126,070
Level 2 -- Attendance: 909 (90.90%) -- Ticket Income $36,360
Total Attendance: 2710 (90.33%)
Total Ticket Income: $162,430
Other Income: $8,122
Total Income: $170,552
Rocket
5 vs 5 Forward
Center Left Wing Right Wing Time % Phy DF OF
1 Peter Holland Brandon Pirri Scott Wilson 40 0 2 3
2 Dominic Turgeon Sergey Tolchinsky Ty Rattie 30 0 2 3
3 Karson Kuhlman Raphael Bussieres Troy Terry 20 0 2 3
4 Luke Kunin Jakob Lilja JC Lipon 10 0 2 3
5 vs 5 Defense
Defense Defense Time % Phy DF OF
1 Dean Kukan Chris Bigras 40 0 2 3
2 Viktor Loov Andrei Mironov 30 0 2 3
3 Dylan DeMelo Jack Glover 20 0 2 3
4 Dean Kukan Chris Bigras 10 0 2 3
PowerPlay Forward
Center Left Wing Right Wing Time % Phy DF OF
1 Peter Holland Brandon Pirri Scott Wilson 60 1 2 2
2 Dominic Turgeon Sergey Tolchinsky Ty Rattie 40 1 2 2
PowerPlay Defense
Defense Defense Time % Phy DF OF
1 Dean Kukan Chris Bigras 60 1 2 2
2 Viktor Loov Andrei Mironov 40 1 2 2
Penalty Kill 4 Players Forward
Center Wing Time % Phy DF OF
1 Brandon Pirri Scott Wilson 60 1 2 2
2 Peter Holland Dominic Turgeon 40 1 2 2
Penalty Kill 4 Players Defense
Defense Defense Time % Phy DF OF
1 Dean Kukan Chris Bigras 60 1 2 2
2 Viktor Loov Andrei Mironov 40 1 2 2
Penalty Kill - 3 Players Forward
Forward Time % Phy DF OF
1 Brandon Pirri 60 1 2 2
2 Scott Wilson 40 1 2 2
Penalty Kill - 3 Players Defense
Defense Defense Time % Phy DF OF
1 Dean Kukan Chris Bigras 60 1 2 2
2 Viktor Loov Andrei Mironov 40 1 2 2
4 vs 4 Forward
Center Wing Time % Phy DF OF
1 Brandon Pirri Scott Wilson 60 1 2 2
2 Peter Holland Dominic Turgeon 40 1 2 2
4 vs 4 Defense
Defense Defense Time % Phy DF OF
1 Dean Kukan Chris Bigras 60 1 2 2
2 Viktor Loov Andrei Mironov 40 1 2 2
Last Minutes Offensive
Center Left Wing Right Wing Defense Defense
Peter Holland Brandon Pirri Scott Wilson Dean Kukan Chris Bigras
Last Minutes Defensive
Center Left Wing Right Wing Defense Defense
Peter Holland Brandon Pirri Scott Wilson Dean Kukan Chris Bigras
Goaltenders
Starting : Jamie Phillips
Backup : Connor Ingram
Extra Forwards
Normal : Francis Perron, Branden Troock, Taylor Leier - PP : Francis Perron, Branden Troock - PK : Taylor Leier
Extra Defensemen
Normal : Dylan DeMelo, Jack Glover, Viktor Loov - PP : Dylan DeMelo - PK : Jack Glover, Viktor Loov
Penalty Shots
Brandon Pirri, Scott Wilson, Peter Holland, Dominic Turgeon, Sergey Tolchinsky
Custom OT Lines Forwards
Brandon Pirri, Scott Wilson, Peter Holland, Dominic Turgeon, Sergey Tolchinsky, Karson Kuhlman, Ty Rattie, Troy Terry, Raphael Bussieres, Jakob Lilja
Custom OT Lines Defensemen
Dean Kukan, Chris Bigras, Viktor Loov, Andrei Mironov, Dylan DeMelo
Scratches
Jake Pivonka (Healthy), Rasmus Sandin (Healthy), Ryan Collins (Healthy), Mikhail Maltsev (Healthy), Niklas Nordgren (Healthy)
Eamon McAdam (Healthy), Alexis Gravel (Healthy)
Americans
5 vs 5 Forward
Center Left Wing Right Wing Time % Phy DF OF
1 Tanner Richard Justin Bailey Jakub Vrana 40 1 2 2
2 Joel Eriksson Ek Teemu Pulkkinen Richard Nejezchleb 30 1 2 2
3 Ryan Fitzgerald Vladimir Tkachev Daniel Sprong 20 1 2 2
4 Nathan Noel John Leonard Alex Schoenborn 10 1 2 2
5 vs 5 Defense
Defense Defense Time % Phy DF OF
1 Jonas Brodin Dillon Heatherington 40 1 2 2
2 Matt Grzelcyk Tarmo Reunanen 30 1 2 2
3 Spencer Stastney Xavier Bouchard 20 1 2 2
4 Dmitri Semykin Jonas Brodin 10 1 2 2
PowerPlay Forward
Center Left Wing Right Wing Time % Phy DF OF
1 Tanner Richard Justin Bailey Jakub Vrana 60 1 2 2
2 Joel Eriksson Ek Teemu Pulkkinen Richard Nejezchleb 40 1 2 2
PowerPlay Defense
Defense Defense Time % Phy DF OF
1 Jonas Brodin Dillon Heatherington 60 1 2 2
2 Matt Grzelcyk Tarmo Reunanen 40 1 2 2
Penalty Kill 4 Players Forward
Center Wing Time % Phy DF OF
1 Justin Bailey Teemu Pulkkinen 60 1 2 2
2 Tanner Richard Jakub Vrana 40 1 2 2
Penalty Kill 4 Players Defense
Defense Defense Time % Phy DF OF
1 Jonas Brodin Dillon Heatherington 60 1 2 2
2 Matt Grzelcyk Tarmo Reunanen 40 1 2 2
Penalty Kill - 3 Players Forward
Forward Time % Phy DF OF
1 Justin Bailey 60 1 2 2
2 Teemu Pulkkinen 40 1 2 2
Penalty Kill - 3 Players Defense
Defense Defense Time % Phy DF OF
1 Jonas Brodin Dillon Heatherington 60 1 2 2
2 Matt Grzelcyk Tarmo Reunanen 40 1 2 2
4 vs 4 Forward
Center Wing Time % Phy DF OF
1 Justin Bailey Teemu Pulkkinen 60 1 2 2
2 Tanner Richard Jakub Vrana 40 1 2 2
4 vs 4 Defense
Defense Defense Time % Phy DF OF
1 Jonas Brodin Dillon Heatherington 60 1 2 2
2 Matt Grzelcyk Tarmo Reunanen 40 1 2 2
Last Minutes Offensive
Center Left Wing Right Wing Defense Defense
Tanner Richard Justin Bailey Jakub Vrana Jonas Brodin Dillon Heatherington
Last Minutes Defensive
Center Left Wing Right Wing Defense Defense
Tanner Richard Justin Bailey Jakub Vrana Jonas Brodin Dillon Heatherington
Goaltenders
Starting : Peyton Jones
Backup : Connor Hellebyuk
Extra Forwards
Normal : Maxim Mamin, Zachary Senyshyn, Joel Teasdale - PP : Maxim Mamin, Zachary Senyshyn - PK : Joel Teasdale
Extra Defensemen
Normal : Spencer Stastney, Xavier Bouchard, Dmitri Semykin - PP : Spencer Stastney - PK : Xavier Bouchard, Dmitri Semykin
Penalty Shots
Justin Bailey, Teemu Pulkkinen, Tanner Richard, Jakub Vrana, Joel Eriksson Ek
Custom OT Lines Forwards
Justin Bailey, Teemu Pulkkinen, Tanner Richard, Jakub Vrana, Joel Eriksson Ek, Ryan Fitzgerald, Richard Nejezchleb, Vladimir Tkachev, Nathan Noel, Maxim Mamin
Custom OT Lines Defensemen
Jonas Brodin, Dillon Heatherington, Matt Grzelcyk, Tarmo Reunanen, Spencer Stastney
Scratches
Charlie McAvoy (Healthy)
% Time on Ice - Rocket
Lines # - Real PCT - Wanted PCT - Time Play
Normal Forward
1 - 36% - 40% - 19:15
2 - 28% - 30% - 15:15
3 - 20% - 20% - 10:52
4 - 15% - 10% - 8:17
Normal Defense
1 - 40% - 40% - 21:21
2 - 32% - 30% - 17:04
3 - 21% - 20% - 11:32
4 - 7% - 10% - 3:42
PP Forward
1 - 100% - 60% - 0:13
2 - 0% - 40% - 0:00
PP Defense
1 - 100% - 60% - 0:13
2 - 0% - 40% - 0:00
PK Forward
1 - 88% - 60% - 5:25
2 - 12% - 40% - 0:43
PK Defense
1 - 59% - 60% - 3:36
2 - 41% - 40% - 2:32
PK3 Forward
1 - 0% - 60%
2 - 0% - 40%
PK3 Defense
1 - 0% - 60%
2 - 0% - 40%
44 Forward
1 - 0% - 60%
2 - 0% - 40%
44 Defense
1 - 0% - 60%
2 - 0% - 40%
Last Minute Offensive - 0:00
Last Minute Defensive - 0:00
Total
Forward - 60:00
Defense - 60:00
|
% Time on Ice - Americans
Lines # - Real PCT - Wanted PCT - Time Play
Normal Forward
1 - 38% - 40% - 20:09
2 - 28% - 30% - 15:03
3 - 21% - 20% - 11:16
4 - 13% - 10% - 7:11
Normal Defense
1 - 39% - 40% - 20:43
2 - 32% - 30% - 17:04
3 - 21% - 20% - 11:27
4 - 8% - 10% - 4:25
PP Forward
1 - 58% - 60% - 3:35
2 - 42% - 40% - 2:33
PP Defense
1 - 67% - 60% - 4:07
2 - 33% - 40% - 2:01
PK Forward
1 - 100% - 60% - 0:13
2 - 0% - 40% - 0:00
PK Defense
1 - 100% - 60% - 0:13
2 - 0% - 40% - 0:00
PK3 Forward
1 - 0% - 60%
2 - 0% - 40%
PK3 Defense
1 - 0% - 60%
2 - 0% - 40%
44 Forward
1 - 0% - 60%
2 - 0% - 40%
44 Defense
1 - 0% - 60%
2 - 0% - 40%
Last Minute Offensive - 0:00
Last Minute Defensive - 0:00
Total
Forward - 60:00
Defense - 60:00
|
Play-by-Play
1st period
0:01 of 1st period - Justin Bailey wins face-off versus Scott Wilson in neutral zone.
0:42 of 1st period - Icing by Viktor Loov.
0:43 of 1st period - Dominic Turgeon wins face-off versus Daniel Sprong in Rocket zone.
0:43 of 1st period - Dominic Turgeon is hit by Matt Grzelcyk.
3:55 of 1st period - Tanner Richard is hit by Karson Kuhlman and loses puck.
4:35 of 1st period - Wrist shot by Justin Bailey.
4:35 of 1st period - Shot Misses the Net.
5:00 of 1st period - Dean Kukan is hit by Jakub Vrana and loses puck.
5:05 of 1st period - Snap shot by Tanner Richard.
5:05 of 1st period - Stopped by Jamie Phillips without a rebound.
5:06 of 1st period - Teemu Pulkkinen wins face-off versus Peter Holland in Rocket zone.
6:13 of 1st period - Viktor Loov is hit by Matt Grzelcyk and loses puck.
6:36 of 1st period - Wrist shot by Scott Wilson.
6:36 of 1st period - Stopped by Peyton Jones with a rebound.
6:50 of 1st period - Slapshot by Vladimir Tkachev.
6:50 of 1st period - Stopped by Jamie Phillips with a rebound.
6:52 of 1st period - Snap shot by Tarmo Reunanen.
6:52 of 1st period - Shot Blocked by Dean Kukan.
6:54 of 1st period - Backhand shot by Ryan Fitzgerald.
6:54 of 1st period - Goal by Ryan Fitzgerald - Rocket : 0 - Americans : 1.
6:55 of 1st period - Tanner Richard wins face-off versus Peter Holland in neutral zone.
7:18 of 1st period - Justin Bailey is hit by Peter Holland and loses puck.
7:29 of 1st period - Dean Kukan is hit by Tanner Richard.
7:39 of 1st period - Wrist shot by Tanner Richard.
7:39 of 1st period - Deflect By Justin Bailey.
7:39 of 1st period - Shot Misses the Net.
7:39 of 1st period - Puck is out of play.
7:40 of 1st period - Joel Eriksson Ek wins face-off versus Dominic Turgeon in Rocket zone.
7:43 of 1st period - Snap shot by Richard Nejezchleb.
7:43 of 1st period - Stopped by Jamie Phillips with a rebound.
8:25 of 1st period - Viktor Loov is hit by Jonas Brodin and loses puck.
8:38 of 1st period - Snap shot by Raphael Bussieres.
8:38 of 1st period - Shot Blocked by Dmitri Semykin.
9:08 of 1st period - Peter Holland is hit by Ryan Fitzgerald.
9:24 of 1st period - Dmitri Semykin is hit by Scott Wilson.
9:41 of 1st period - Off-side.
9:42 of 1st period - Joel Eriksson Ek wins face-off versus Ty Rattie in neutral zone.
9:56 of 1st period - Wrist shot by Dominic Turgeon.
9:56 of 1st period - Shot Misses the Net.
9:58 of 1st period - Wrist shot by Sergey Tolchinsky.
9:58 of 1st period - Stopped by Peyton Jones with a rebound.
10:08 of 1st period - Joel Eriksson Ek is hit by Karson Kuhlman.
10:32 of 1st period - Peter Holland is hit by Jakub Vrana and loses puck.
10:37 of 1st period - Slapshot by Justin Bailey.
10:37 of 1st period - Goal by Justin Bailey - Rocket : 0 - Americans : 2.
10:38 of 1st period - Peter Holland wins face-off versus Tanner Richard in neutral zone.
11:05 of 1st period - Sergey Tolchinsky is hit by Daniel Sprong and loses puck.
11:52 of 1st period - Wrist shot by Richard Nejezchleb.
11:52 of 1st period - Shot Misses the Net.
11:55 of 1st period - Icing by Troy Terry.
11:56 of 1st period - Karson Kuhlman wins face-off versus Tanner Richard in Rocket zone.
12:08 of 1st period - Snap shot by Troy Terry.
12:08 of 1st period - Shot Misses the Net.
12:18 of 1st period - Wrist shot by Troy Terry.
12:18 of 1st period - Shot Misses the Net.
12:20 of 1st period - Snap shot by Troy Terry.
12:20 of 1st period - Shot Blocked by Jonas Brodin.
12:22 of 1st period - Snap shot by Troy Terry.
12:22 of 1st period - Stopped by Peyton Jones without a rebound.
12:23 of 1st period - Peter Holland wins face-off versus Joel Eriksson Ek in Americans zone.
12:44 of 1st period - Wrist shot by Teemu Pulkkinen.
12:44 of 1st period - Stopped by Jamie Phillips without a rebound.
12:45 of 1st period - Sergey Tolchinsky wins face-off versus Tanner Richard in Rocket zone.
12:53 of 1st period - Icing by Chris Bigras.
12:54 of 1st period - Jakub Vrana wins face-off versus Sergey Tolchinsky in Rocket zone.
13:15 of 1st period - Wrist shot by Ty Rattie.
13:15 of 1st period - Stopped by Peyton Jones without a rebound.
13:16 of 1st period - Joel Eriksson Ek wins face-off versus Peter Holland in Americans zone.
13:16 of 1st period - Joel Eriksson Ek is hit by Peter Holland.
13:55 of 1st period - Minor Penalty to Xavier Bouchard for Holding.
13:56 of 1st period - Justin Bailey wins face-off versus Peter Holland in Americans zone.
14:04 of 1st period - Snap shot by Brandon Pirri.
14:04 of 1st period - Shot Blocked by Teemu Pulkkinen.
14:06 of 1st period - Snap shot by Scott Wilson.
14:06 of 1st period - Stopped by Peyton Jones with a rebound.
14:08 of 1st period - Slapshot by Chris Bigras.
14:08 of 1st period - Goal by Chris Bigras - Rocket : 1 - Americans : 2.
14:09 of 1st period - Tanner Richard wins face-off versus Peter Holland in neutral zone.
14:50 of 1st period - Jack Glover is hit by Daniel Sprong and loses puck.
15:08 of 1st period - Slapshot by Sergey Tolchinsky.
15:08 of 1st period - Shot Misses the Net.
15:30 of 1st period - Snap shot by Vladimir Tkachev.
15:30 of 1st period - Stopped by Jamie Phillips with a rebound.
15:34 of 1st period - Snap shot by Vladimir Tkachev.
15:34 of 1st period - Shot Blocked by Sergey Tolchinsky.
15:36 of 1st period - Wrist shot by Daniel Sprong.
15:36 of 1st period - Deflect By Vladimir Tkachev.
15:36 of 1st period - Shot Misses the Net.
15:36 of 1st period - Puck is out of play.
15:37 of 1st period - Tanner Richard wins face-off versus Peter Holland in Rocket zone.
16:28 of 1st period - Slapshot by Luke Kunin.
16:28 of 1st period - Shot Misses the Net.
16:30 of 1st period - Slapshot by Andrei Mironov.
16:30 of 1st period - Shot Misses the Net.
16:54 of 1st period - Slapshot by Luke Kunin.
16:54 of 1st period - Stopped by Peyton Jones with a rebound.
17:00 of 1st period - Wrist shot by Jakob Lilja.
17:00 of 1st period - Shot Blocked by Jakub Vrana.
17:28 of 1st period - Slapshot by Viktor Loov.
17:28 of 1st period - Shot Blocked by Justin Bailey.
17:40 of 1st period - Snap shot by Luke Kunin.
17:40 of 1st period - Shot Misses the Net.
17:42 of 1st period - Slapshot by Viktor Loov.
17:42 of 1st period - Deflect By Jakub Vrana.
17:42 of 1st period - Stopped by Peyton Jones with a rebound.
17:44 of 1st period - Snap shot by Viktor Loov.
17:44 of 1st period - Shot Misses the Net.
17:46 of 1st period - Slapshot by Andrei Mironov.
17:46 of 1st period - Stopped by Peyton Jones with a rebound.
17:50 of 1st period - Wrist shot by Luke Kunin.
17:50 of 1st period - Deflect By Jakob Lilja.
17:50 of 1st period - Shot Misses the Net.
17:50 of 1st period - Puck is out of play.
17:51 of 1st period - Joel Eriksson Ek wins face-off versus Peter Holland in Americans zone.
18:06 of 1st period - Snap shot by Brandon Pirri.
18:06 of 1st period - Deflect By Scott Wilson.
18:06 of 1st period - Shot Misses the Net.
18:06 of 1st period - Puck is out of play.
18:07 of 1st period - Nathan Noel wins face-off versus Karson Kuhlman in Americans zone.
18:17 of 1st period - Icing by Chris Bigras.
18:18 of 1st period - Karson Kuhlman wins face-off versus Joel Eriksson Ek in Rocket zone.
18:33 of 1st period - Wrist shot by Karson Kuhlman.
18:33 of 1st period - Stopped by Peyton Jones with a rebound.
18:35 of 1st period - Slapshot by Chris Bigras.
18:35 of 1st period - Deflect By Karson Kuhlman.
18:35 of 1st period - Goal by Karson Kuhlman - Rocket : 2 - Americans : 2.
18:36 of 1st period - Joel Eriksson Ek wins face-off versus Peter Holland in neutral zone.
18:39 of 1st period - Slapshot by Jonas Brodin.
18:39 of 1st period - Stopped by Jamie Phillips with a rebound.
18:41 of 1st period - Slapshot by Dillon Heatherington.
18:41 of 1st period - Stopped by Jamie Phillips without a rebound.
18:42 of 1st period - Peter Holland wins face-off versus Joel Eriksson Ek in Rocket zone.
18:47 of 1st period - Wrist shot by Jonas Brodin.
18:47 of 1st period - Shot Blocked by Peter Holland.
18:49 of 1st period - Backhand shot by Dillon Heatherington.
18:49 of 1st period - Stopped by Jamie Phillips without a rebound.
18:50 of 1st period - Joel Eriksson Ek wins face-off versus Peter Holland in Rocket zone.
18:51 of 1st period - Wrist shot by Teemu Pulkkinen.
18:51 of 1st period - Stopped by Jamie Phillips without a rebound.
18:52 of 1st period - Joel Eriksson Ek wins face-off versus Peter Holland in Rocket zone.
18:59 of 1st period - Backhand shot by Jonas Brodin.
18:59 of 1st period - Deflect By Joel Eriksson Ek.
18:59 of 1st period - Shot Misses the Net.
18:59 of 1st period - Puck is out of play.
19:00 of 1st period - Peter Holland wins face-off versus Joel Eriksson Ek in Rocket zone.
19:00 of 1st period - Peter Holland is hit by Richard Nejezchleb.
19:13 of 1st period - Slapshot by Chris Bigras.
19:13 of 1st period - Shot Misses the Net.
19:41 of 1st period - Wrist shot by Teemu Pulkkinen.
19:41 of 1st period - Stopped by Jamie Phillips with a rebound.
19:43 of 1st period - Slapshot by Jonas Brodin.
19:43 of 1st period - Shot Blocked by Peter Holland.
19:45 of 1st period - Wrist shot by Dillon Heatherington.
19:45 of 1st period - Deflect By Teemu Pulkkinen.
19:45 of 1st period - Stopped by Jamie Phillips without a rebound.
19:46 of 1st period - Nathan Noel wins face-off versus Ty Rattie in Rocket zone.
Goals for this period are 2 for Rocket vs 2 for Americans.
Shots for this period are 11 for Rocket vs 13 for Americans.
2nd period
0:01 of 2nd period - Justin Bailey wins face-off versus Peter Holland in neutral zone.
1:00 of 2nd period - Troy Terry is hit by Alex Schoenborn and loses puck.
1:26 of 2nd period - Slapshot by Vladimir Tkachev.
1:26 of 2nd period - Stopped by Jamie Phillips with a rebound.
1:28 of 2nd period - Wrist shot by Ryan Fitzgerald.
1:28 of 2nd period - Shot Misses the Net.
2:09 of 2nd period - Snap shot by Joel Eriksson Ek.
2:09 of 2nd period - Goal by Joel Eriksson Ek - Rocket : 2 - Americans : 3.
2:10 of 2nd period - Peter Holland wins face-off versus Tanner Richard in neutral zone.
2:32 of 2nd period - Icing by Dean Kukan.
2:33 of 2nd period - Joel Eriksson Ek wins face-off versus Peter Holland in Rocket zone.
2:49 of 2nd period - Snap shot by Teemu Pulkkinen.
2:49 of 2nd period - Deflect By Joel Eriksson Ek.
2:49 of 2nd period - Deflect By Chris Bigras.
2:49 of 2nd period - Shot Misses the Net.
2:49 of 2nd period - Puck is out of play.
2:50 of 2nd period - Tanner Richard wins face-off versus Dominic Turgeon in Rocket zone.
2:53 of 2nd period - Snap shot by Tanner Richard.
2:53 of 2nd period - Deflect By Jakub Vrana.
2:53 of 2nd period - Shot Misses the Net.
2:53 of 2nd period - Puck is out of play.
2:54 of 2nd period - Dominic Turgeon wins face-off versus Jakub Vrana in Rocket zone.
3:07 of 2nd period - Slapshot by Dillon Heatherington.
3:07 of 2nd period - Stopped by Jamie Phillips with a rebound.
3:21 of 2nd period - Slapshot by Dillon Heatherington.
3:21 of 2nd period - Shot Misses the Net.
3:23 of 2nd period - Wrist shot by Vladimir Tkachev.
3:23 of 2nd period - Stopped by Jamie Phillips with a rebound.
3:25 of 2nd period - Slapshot by Ryan Fitzgerald.
3:25 of 2nd period - Stopped by Jamie Phillips with a rebound.
3:27 of 2nd period - Slapshot by Dillon Heatherington.
3:27 of 2nd period - Shot Misses the Net.
3:29 of 2nd period - Snap shot by Vladimir Tkachev.
3:29 of 2nd period - Goal by Vladimir Tkachev - Rocket : 2 - Americans : 4.
3:29 of 2nd period - Connor Ingram enters game.
3:30 of 2nd period - Tanner Richard wins face-off versus Peter Holland in neutral zone.
3:57 of 2nd period - Karson Kuhlman is hit by Daniel Sprong and loses puck.
4:26 of 2nd period - Snap shot by Ty Rattie.
4:26 of 2nd period - Shot Misses the Net.
5:21 of 2nd period - Ryan Fitzgerald is hit by Raphael Bussieres and loses puck.
5:47 of 2nd period - Wrist shot by Teemu Pulkkinen.
5:47 of 2nd period - Stopped by Connor Ingram with a rebound.
5:49 of 2nd period - Wrist shot by Joel Eriksson Ek.
5:49 of 2nd period - Shot Misses the Net.
5:51 of 2nd period - Snap shot by Richard Nejezchleb.
5:51 of 2nd period - Shot Misses the Net.
5:53 of 2nd period - Wrist shot by Xavier Bouchard.
5:53 of 2nd period - Deflect By Richard Nejezchleb.
5:53 of 2nd period - Shot Blocked by Dominic Turgeon.
5:53 of 2nd period - Puck is out of play.
5:54 of 2nd period - Peter Holland wins face-off versus Tanner Richard in Rocket zone.
5:54 of 2nd period - Peter Holland is hit by Tanner Richard.
5:59 of 2nd period - Off-side.
6:00 of 2nd period - Tanner Richard wins face-off versus Peter Holland in neutral zone.
6:31 of 2nd period - Joel Eriksson Ek is hit by Andrei Mironov and loses puck.
6:38 of 2nd period - Sergey Tolchinsky is hit by Jonas Brodin and loses puck.
6:53 of 2nd period - Snap shot by Karson Kuhlman.
6:53 of 2nd period - Stopped by Peyton Jones with a rebound.
6:55 of 2nd period - Wrist shot by Viktor Loov.
6:55 of 2nd period - Shot Blocked by Matt Grzelcyk.
6:57 of 2nd period - Snap shot by Karson Kuhlman.
6:57 of 2nd period - Stopped by Peyton Jones with a rebound.
7:01 of 2nd period - Wrist shot by Troy Terry.
7:01 of 2nd period - Deflect By Karson Kuhlman.
7:01 of 2nd period - Stopped by Peyton Jones with a rebound.
7:33 of 2nd period - Wrist shot by Alex Schoenborn.
7:33 of 2nd period - Stopped by Connor Ingram without a rebound.
7:34 of 2nd period - Luke Kunin wins face-off versus Tanner Richard in Rocket zone.
7:34 of 2nd period - Luke Kunin is hit by Tanner Richard.
7:50 of 2nd period - Snap shot by Dylan DeMelo.
7:50 of 2nd period - Shot Misses the Net.
8:08 of 2nd period - Penalty Shot by Dillon Heatherington for Americans.
8:08 of 2nd period - Backhand shot by Dillon Heatherington.
8:08 of 2nd period - Stopped by Connor Ingram.
8:09 of 2nd period - Dominic Turgeon wins face-off versus Joel Eriksson Ek in Americans zone.
8:19 of 2nd period - Snap shot by Sergey Tolchinsky.
8:19 of 2nd period - Shot Misses the Net.
9:00 of 2nd period - Wrist shot by Troy Terry.
9:00 of 2nd period - Shot Blocked by Xavier Bouchard.
9:59 of 2nd period - Snap shot by Tanner Richard.
9:59 of 2nd period - Goal by Tanner Richard - Rocket : 2 - Americans : 5.
10:00 of 2nd period - Tanner Richard wins face-off versus Peter Holland in neutral zone.
10:05 of 2nd period - Peter Holland is hit by Tanner Richard and loses puck.
10:34 of 2nd period - Wrist shot by Ryan Fitzgerald.
10:34 of 2nd period - Shot Misses the Net.
10:36 of 2nd period - Snap shot by Ryan Fitzgerald.
10:36 of 2nd period - Shot Misses the Net.
10:38 of 2nd period - Snap shot by Vladimir Tkachev.
10:38 of 2nd period - Stopped by Connor Ingram with a rebound.
10:50 of 2nd period - Richard Nejezchleb is hit by Raphael Bussieres and loses puck.
11:13 of 2nd period - Snap shot by Luke Kunin.
11:13 of 2nd period - Shot Misses the Net.
11:19 of 2nd period - Snap shot by Jakob Lilja.
11:19 of 2nd period - Stopped by Peyton Jones with a rebound.
11:21 of 2nd period - Slapshot by Dean Kukan.
11:21 of 2nd period - Stopped by Peyton Jones with a rebound.
13:03 of 2nd period - Tanner Richard is hit by Luke Kunin and loses puck.
13:16 of 2nd period - Dylan DeMelo is hit by Teemu Pulkkinen and loses puck.
13:27 of 2nd period - Ryan Fitzgerald is hit by Raphael Bussieres and loses puck.
14:26 of 2nd period - Slapshot by Troy Terry.
14:26 of 2nd period - Shot Blocked by Ryan Fitzgerald.
14:28 of 2nd period - Slapshot by Dean Kukan.
14:28 of 2nd period - Deflect By Raphael Bussieres.
14:28 of 2nd period - Shot Blocked by Xavier Bouchard.
14:28 of 2nd period - Puck is out of play.
14:29 of 2nd period - Peter Holland wins face-off versus Tanner Richard in Americans zone.
15:38 of 2nd period - Snap shot by Luke Kunin.
15:38 of 2nd period - Stopped by Peyton Jones with a rebound.
15:40 of 2nd period - Snap shot by Luke Kunin.
15:40 of 2nd period - Shot Misses the Net.
15:52 of 2nd period - Slapshot by Justin Bailey.
15:52 of 2nd period - Shot Misses the Net.
15:54 of 2nd period - Wrist shot by Jakub Vrana.
15:54 of 2nd period - Shot Misses the Net.
15:56 of 2nd period - Snap shot by Justin Bailey.
15:56 of 2nd period - Deflect By Tanner Richard.
15:56 of 2nd period - Shot Misses the Net.
15:56 of 2nd period - Puck is out of play.
15:57 of 2nd period - Tanner Richard wins face-off versus Peter Holland in Rocket zone.
16:18 of 2nd period - Minor Penalty to Dean Kukan for Hooking.
16:19 of 2nd period - Brandon Pirri wins face-off versus Tanner Richard in Rocket zone.
16:30 of 2nd period - Wrist shot by Justin Bailey.
16:30 of 2nd period - Goal by Justin Bailey - Rocket : 2 - Americans : 6.
16:31 of 2nd period - Peter Holland wins face-off versus Tanner Richard in neutral zone.
16:37 of 2nd period - Wrist shot by Brandon Pirri.
16:37 of 2nd period - Deflect By Jakub Vrana.
16:37 of 2nd period - Stopped by Peyton Jones with a rebound.
16:41 of 2nd period - Snap shot by Peter Holland.
16:41 of 2nd period - Shot Misses the Net.
16:43 of 2nd period - Slapshot by Scott Wilson.
16:43 of 2nd period - Shot Blocked by Jakub Vrana.
16:57 of 2nd period - Teemu Pulkkinen is hit by Ty Rattie and loses puck.
17:08 of 2nd period - Wrist shot by Sergey Tolchinsky.
17:08 of 2nd period - Deflect By Ty Rattie.
17:08 of 2nd period - Shot Blocked by Matt Grzelcyk.
17:08 of 2nd period - Puck is out of play.
17:09 of 2nd period - Karson Kuhlman wins face-off versus Tanner Richard in Americans zone.
17:14 of 2nd period - Wrist shot by Troy Terry.
17:14 of 2nd period - Goal by Troy Terry - Rocket : 3 - Americans : 6.
17:15 of 2nd period - Peter Holland wins face-off versus Justin Bailey in neutral zone.
17:42 of 2nd period - Richard Nejezchleb is hit by Troy Terry and loses puck.
17:53 of 2nd period - Wrist shot by Joel Eriksson Ek.
17:53 of 2nd period - Shot Blocked by Dean Kukan.
17:55 of 2nd period - Wrist shot by Tarmo Reunanen.
17:55 of 2nd period - Deflect By Richard Nejezchleb.
17:55 of 2nd period - Stopped by Connor Ingram with a rebound.
18:05 of 2nd period - Slapshot by Chris Bigras.
18:05 of 2nd period - Shot Misses the Net.
18:18 of 2nd period - Wrist shot by Sergey Tolchinsky.
18:18 of 2nd period - Shot Misses the Net.
18:50 of 2nd period - Wrist shot by John Leonard.
18:50 of 2nd period - Goal by John Leonard - Rocket : 3 - Americans : 7.
18:51 of 2nd period - Peter Holland wins face-off versus Tanner Richard in neutral zone.
19:43 of 2nd period - Minor Penalty to Raphael Bussieres for Hooking.
19:44 of 2nd period - Brandon Pirri wins face-off versus Tanner Richard in Rocket zone.
Goals for this period are 1 for Rocket vs 5 for Americans.
Shots for this period are 8 for Rocket vs 13 for Americans.
3rd period
0:01 of 3rd period - Brandon Pirri wins face-off versus Tanner Richard in neutral zone.
0:34 of 3rd period - Slapshot by Jonas Brodin.
0:34 of 3rd period - Stopped by Connor Ingram with a rebound.
0:36 of 3rd period - Wrist shot by Joel Eriksson Ek.
0:36 of 3rd period - Goal by Joel Eriksson Ek - Rocket : 3 - Americans : 8.
0:36 of 3rd period - Jamie Phillips enters game.
0:37 of 3rd period - Dominic Turgeon wins face-off versus Tanner Richard in neutral zone.
1:12 of 3rd period - Wrist shot by Teemu Pulkkinen.
1:12 of 3rd period - Stopped by Jamie Phillips without a rebound.
1:13 of 3rd period - Joel Eriksson Ek wins face-off versus Peter Holland in Rocket zone.
1:23 of 3rd period - Minor Penalty to Scott Wilson for Slashing.
1:24 of 3rd period - Tanner Richard wins face-off versus Brandon Pirri in Rocket zone.
2:23 of 3rd period - Matt Grzelcyk is hit by Viktor Loov and loses puck.
3:23 of 3rd period - Penalty to Scott Wilson is over, Scott Wilson is back on ice.
3:36 of 3rd period - Ty Rattie is hit by Tarmo Reunanen and loses puck.
3:57 of 3rd period - Snap shot by Karson Kuhlman.
3:57 of 3rd period - Deflect By Troy Terry.
3:57 of 3rd period - Shot Misses the Net.
3:57 of 3rd period - Puck is out of play.
3:58 of 3rd period - Ryan Fitzgerald wins face-off versus Karson Kuhlman in Americans zone.
4:19 of 3rd period - Snap shot by Troy Terry.
4:19 of 3rd period - Shot Hit the Post.
4:21 of 3rd period - Slapshot by Jack Glover.
4:21 of 3rd period - Stopped by Peyton Jones with a rebound.
4:23 of 3rd period - Wrist shot by Andrei Mironov.
4:23 of 3rd period - Stopped by Peyton Jones with a rebound.
4:25 of 3rd period - Snap shot by Troy Terry.
4:25 of 3rd period - Deflect By Raphael Bussieres.
4:25 of 3rd period - Shot Blocked by Spencer Stastney.
4:25 of 3rd period - Puck is out of play.
4:26 of 3rd period - Peter Holland wins face-off versus Tanner Richard in Americans zone.
5:15 of 3rd period - Slapshot by Jonas Brodin.
5:15 of 3rd period - Stopped by Jamie Phillips without a rebound.
5:16 of 3rd period - Karson Kuhlman wins face-off versus Ryan Fitzgerald in Rocket zone.
5:20 of 3rd period - Off-side.
5:21 of 3rd period - Peter Holland wins face-off versus Tanner Richard in neutral zone.
5:26 of 3rd period - Slapshot by Dean Kukan.
5:26 of 3rd period - Stopped by Peyton Jones without a rebound.
5:27 of 3rd period - Scott Wilson wins face-off versus Tanner Richard in Americans zone.
5:54 of 3rd period - Richard Nejezchleb is hit by Sergey Tolchinsky and loses puck.
6:03 of 3rd period - Snap shot by Dominic Turgeon.
6:03 of 3rd period - Goal by Dominic Turgeon - Rocket : 4 - Americans : 8.
6:04 of 3rd period - Tanner Richard wins face-off versus Peter Holland in neutral zone.
6:07 of 3rd period - Chris Bigras is hit by Dillon Heatherington and loses puck.
6:32 of 3rd period - Slapshot by Jonas Brodin.
6:32 of 3rd period - Stopped by Jamie Phillips with a rebound.
6:34 of 3rd period - Snap shot by Joel Eriksson Ek.
6:34 of 3rd period - Shot Blocked by Ty Rattie.
6:36 of 3rd period - Wrist shot by Richard Nejezchleb.
6:36 of 3rd period - Shot Misses the Net.
6:38 of 3rd period - Snap shot by Teemu Pulkkinen.
6:38 of 3rd period - Deflect By Richard Nejezchleb.
6:38 of 3rd period - Shot Misses the Net.
6:38 of 3rd period - Puck is out of play.
6:39 of 3rd period - Dominic Turgeon wins face-off versus Joel Eriksson Ek in Rocket zone.
6:39 of 3rd period - Dominic Turgeon is hit by Tarmo Reunanen.
6:52 of 3rd period - Minor Penalty to Viktor Loov for Hooking.
6:53 of 3rd period - Brandon Pirri wins face-off versus Justin Bailey in Rocket zone.
7:03 of 3rd period - Slapshot by Dillon Heatherington.
7:03 of 3rd period - Shot Misses the Net.
8:44 of 3rd period - Dominic Turgeon is hit by Maxim Mamin and loses puck.
8:52 of 3rd period - Penalty to Viktor Loov is over, Viktor Loov is back on ice.
8:55 of 3rd period - Slapshot by Chris Bigras.
8:55 of 3rd period - Stopped by Peyton Jones with a rebound.
8:57 of 3rd period - Slapshot by Chris Bigras.
8:57 of 3rd period - Shot Blocked by Jonas Brodin.
9:08 of 3rd period - Off-side.
9:09 of 3rd period - Dominic Turgeon wins face-off versus Nathan Noel in neutral zone.
9:17 of 3rd period - Off-side.
9:18 of 3rd period - Nathan Noel wins face-off versus Dominic Turgeon in neutral zone.
9:29 of 3rd period - Slapshot by John Leonard.
9:29 of 3rd period - Stopped by Jamie Phillips without a rebound.
9:30 of 3rd period - Tanner Richard wins face-off versus Peter Holland in Rocket zone.
9:39 of 3rd period - Snap shot by Tanner Richard.
9:39 of 3rd period - Shot Misses the Net.
9:41 of 3rd period - Slapshot by Dillon Heatherington.
9:41 of 3rd period - Goal by Dillon Heatherington - Rocket : 4 - Americans : 9.
9:42 of 3rd period - Jakub Vrana wins face-off versus Peter Holland in neutral zone.
9:57 of 3rd period - Wrist shot by Tanner Richard.
9:57 of 3rd period - Stopped by Jamie Phillips with a rebound.
10:20 of 3rd period - Slapshot by Dillon Heatherington.
10:20 of 3rd period - Shot Blocked by Peter Holland.
10:30 of 3rd period - Richard Nejezchleb is hit by Viktor Loov.
11:41 of 3rd period - Snap shot by Ryan Fitzgerald.
11:41 of 3rd period - Stopped by Jamie Phillips without a rebound.
11:42 of 3rd period - Tanner Richard wins face-off versus Dominic Turgeon in Rocket zone.
11:43 of 3rd period - Backhand shot by Justin Bailey.
11:43 of 3rd period - Stopped by Jamie Phillips without a rebound.
11:44 of 3rd period - Tanner Richard wins face-off versus Dominic Turgeon in Rocket zone.
11:59 of 3rd period - Slapshot by Sergey Tolchinsky.
11:59 of 3rd period - Stopped by Peyton Jones with a rebound.
12:06 of 3rd period - Icing by Spencer Stastney.
12:07 of 3rd period - Tanner Richard wins face-off versus Karson Kuhlman in Americans zone.
12:12 of 3rd period - Backhand shot by Teemu Pulkkinen.
12:12 of 3rd period - Goal by Teemu Pulkkinen - Rocket : 4 - Americans : 10.
12:13 of 3rd period - Peter Holland wins face-off versus Tanner Richard in neutral zone.
13:00 of 3rd period - Tarmo Reunanen is hit by Troy Terry and loses puck.
13:19 of 3rd period - Snap shot by JC Lipon.
13:19 of 3rd period - Goal by JC Lipon - Rocket : 5 - Americans : 10.
13:20 of 3rd period - Tanner Richard wins face-off versus Peter Holland in neutral zone.
13:27 of 3rd period - Snap shot by Jack Glover.
13:27 of 3rd period - Shot Misses the Net.
13:33 of 3rd period - Slapshot by Brandon Pirri.
13:33 of 3rd period - Stopped by Peyton Jones with a rebound.
13:52 of 3rd period - Snap shot by Karson Kuhlman.
13:52 of 3rd period - Goal by Karson Kuhlman - Rocket : 6 - Americans : 10.
13:53 of 3rd period - Peter Holland wins face-off versus Richard Nejezchleb in neutral zone.
13:55 of 3rd period - Off-side.
13:56 of 3rd period - Joel Eriksson Ek wins face-off versus Peter Holland in neutral zone.
14:01 of 3rd period - Wrist shot by Jonas Brodin.
14:01 of 3rd period - Shot Misses the Net.
14:13 of 3rd period - Slapshot by Teemu Pulkkinen.
14:13 of 3rd period - Shot Misses the Net.
16:01 of 3rd period - Icing by Dean Kukan.
16:02 of 3rd period - Karson Kuhlman wins face-off versus Ryan Fitzgerald in Rocket zone.
16:15 of 3rd period - Snap shot by Ryan Fitzgerald.
16:15 of 3rd period - Stopped by Jamie Phillips without a rebound.
16:16 of 3rd period - Tanner Richard wins face-off versus Peter Holland in Rocket zone.
16:27 of 3rd period - Snap shot by Scott Wilson.
16:27 of 3rd period - Stopped by Peyton Jones with a rebound.
16:29 of 3rd period - Slapshot by Viktor Loov.
16:29 of 3rd period - Shot Misses the Net.
16:31 of 3rd period - Slapshot by Andrei Mironov.
16:31 of 3rd period - Stopped by Peyton Jones without a rebound.
16:32 of 3rd period - Joel Eriksson Ek wins face-off versus Dominic Turgeon in Americans zone.
16:45 of 3rd period - Ty Rattie is hit by Teemu Pulkkinen and loses puck.
17:27 of 3rd period - Backhand shot by Karson Kuhlman.
17:27 of 3rd period - Stopped by Peyton Jones with a rebound.
17:34 of 3rd period - Icing by Daniel Sprong.
17:35 of 3rd period - JC Lipon wins face-off versus Nathan Noel in Americans zone.
17:44 of 3rd period - Slapshot by Luke Kunin.
17:44 of 3rd period - Stopped by Peyton Jones with a rebound.
18:05 of 3rd period - Slapshot by Jonas Brodin.
18:05 of 3rd period - Shot Misses the Net.
18:48 of 3rd period - Wrist shot by Teemu Pulkkinen.
18:48 of 3rd period - Shot Misses the Net.
18:50 of 3rd period - Snap shot by Joel Eriksson Ek.
18:50 of 3rd period - Stopped by Jamie Phillips without a rebound.
18:51 of 3rd period - Tanner Richard wins face-off versus Peter Holland in Rocket zone.
18:52 of 3rd period - Wrist shot by Jakub Vrana.
18:52 of 3rd period - Stopped by Jamie Phillips with a rebound.
18:54 of 3rd period - Minor Penalty to Brandon Pirri for Hooking.
18:55 of 3rd period - Tanner Richard wins face-off versus Taylor Leier in Rocket zone.
Goals for this period are 3 for Rocket vs 3 for Americans.
Shots for this period are 13 for Rocket vs 14 for Americans.
Output by the SimonT Hockey Simulator (STHS) for Francois Prevost